 Dungeon Crawl Stone Soup version 0.31-a0-851-g7ff8af7976 (webtiles) character file.

Game seed: 17265975171716484536

4040 TheGamechu the Covert (level 10, -1/82 HPs)
             Began as a Gnoll Delver on Oct 5, 2023.
             Was a Believer of Ru.
             Slain by an orc warrior
             ... wielding a +0 short sword
              (12 damage)
             ... on level 8 of the Dungeon.
             The game lasted 00:30:13 (9607 turns).

TheGamechu the Covert (Gnoll Delver)                Turns: 9607, Time: 00:30:13

Health: -1/82      AC: 12    Str: 14    XL:     10   Next: 24%
Magic:  17/17      EV: 10    Int: 10    God:    Ru [**....]
Gold:   320        SH:  5    Dex: 20    Spells: 19/19 levels left

rFire   + . .        I - +1 short sword (speed)
rCold   . . .        (no shield)
rNeg    . . .        n - +0 chain mail "Wismafoa" {rElec rF+ Str+3 Dex+2}
rPois   .            B - +0 helmet
rElec   +            A - scarf {repulsion}
rCorr   .            (no gloves)
SInv    .            E - +0 pair of boots
Will    .....        F - amulet of reflection
Stlth   ++           (no ring)
HPRegen 0.33/turn    (no ring)
MPRegen 0.15/turn

%: repel missiles, reflection
@: invisible
A: fangs 1, hated by all, no hexes magic, no ice magic, no necromancy magic,
strong nose, distributed training
a: Renounce Religion


You were on level 8 of the Dungeon.
You worshipped Ru.
Ru was pleased with you.
You visited 1 branch of the dungeon, and saw 9 of its levels.
You also visited: Sewer.

You collected 320 gold pieces.

Inventory:

Hand Weapons
 I - a +1 short sword of speed (weapon)
Missiles
 f - 6 silver javelins
 o - 19 poisoned darts (quivered)
 t - 4 atropa-tipped darts
 z - 7 boomerangs
 K - 27 stones
 L - a throwing net
 O - 5 darts of dispersal
Armour
 b - a +0 leather armour
 n - the +0 chain mail "Wismafoa" (worn) {rElec rF+ Str+3 Dex+2}
   (You found it on level 4 of the Dungeon)

   Str+3:     It affects your strength (+3).
   Dex+2:     It affects your dexterity (+2).
   rF+:       It protects you from fire.
   rElec:     It insulates you from electricity.
 A - a scarf of repulsion (worn)
 B - a +0 helmet (worn)
 E - a +0 pair of boots (worn)
Jewellery
 F - an amulet of reflection (around neck)
Talismans
 h - a maw talisman
 v - a flux talisman
Wands
 g - a wand of digging (3)
 i - a wand of mindburst (2)
 u - a wand of flame (25)
 G - a wand of polymorph (9)
 J - a wand of paralysis (11)
Scrolls
 a - a scroll of vulnerability {unknown}
 c - 2 scrolls of fog
 d - 3 scrolls of revelation
 e - 4 scrolls of fear
 k - a scroll of blinking {unknown}
 w - 3 scrolls of amnesia {unknown}
 y - 2 scrolls of enchant armour
 C - 2 scrolls of teleportation {unknown}
 D - a scroll of brand weapon {unknown}
 H - 4 scrolls of identify
 N - a scroll of immolation {unknown}
Potions
 j - a potion of mutation {unknown}
 l - 2 potions of magic
 m - a potion of invisibility
 p - 2 potions of berserk rage
 q - 2 potions of brilliance
 r - a potion of lignification
 s - a potion of might
 M - 2 potions of heal wounds {unknown}


   Skills:
 + Level 8.4 Fighting
 + Level 7.0 Short Blades
 + Level 5.2 Long Blades
 + Level 5.2 Axes
 + Level 5.2 Maces & Flails
 + Level 5.2 Polearms
 + Level 5.2 Staves
 + Level 5.2 Ranged Weapons
 + Level 5.2 Throwing
 + Level 5.2 Armour
 + Level 7.0 Dodging
 + Level 10.9 Stealth
 + Level 5.2 Shields
 + Level 5.2 Unarmed Combat
 + Level 5.2 Spellcasting
 + Level 4.3 Conjurations
   Level 0.0 Hexes
   Level 0.0 Summonings
   Level 0.0 Necromancy
 + Level 4.3 Translocations
 + Level 4.3 Transmutations
 + Level 4.3 Fire Magic
   Level 0.0 Ice Magic
 + Level 4.3 Air Magic
 + Level 4.3 Earth Magic
 + Level 4.3 Poison Magic
 + Level 5.7 Invocations
 + Level 5.2 Evocations
 + Level 4.7 Shapeshifting


You had 19 spell levels left.
You didn't know any spells.
Your spell library contained the following spells:

 Spells                   Type           Power      Damage    Failure   Level
 Magic Dart               Conj           44%        1d5       47%         1
 Lesser Beckoning         Tloc           22%        N/A       63%         2
 Poisonous Vapours        Pois/Air       22%        N/A       63%         2
 Searing Ray              Conj           22%        2d5       63%         2
 Gell's Gravitas          Tloc           11%        N/A       85%         3
 Mephitic Cloud           Conj/Pois/Air  11%        N/A       85%         3
 Teleport Other           Tloc           11%        N/A       85%         3
 Passage of Golubria      Tloc           11%        N/A       99%         4
 Call Imp                 Summ           Unusable   N/A       N/A         2
 Tukima's Dance           Hex            Unusable   N/A       N/A         3
 Fulminant Prism          Conj/Hex       Unusable   3d5       N/A         4
 Freezing Cloud           Conj/Ice/Air   Unusable   6-21      N/A         5
 Yara's Violent Unravell  Hex/Tmut       Unusable   3d4       N/A         5

Dungeon Overview and Level Annotations

Branches:
Dungeon (9/15)             Temple (0/1) D:4            Lair (0/5) D:8
    Orc (0/2) D:9           Sewer (visited)

Altars:
Ashenzari
Makhleb
Okawaru
Qazlal
Ru
Trog
Uskayaw
Wu Jian

Shops:
D:7 =*[

Annotations:
D:5 Pikel


Innate Abilities, Weirdness & Mutations

You have very sharp teeth.
You are hated by all.
You cannot study or cast Hexes magic.
You cannot study or cast Ice magic.
You cannot study or cast Necromancy magic.
Your uncanny sense of smell can sniff out nearby items.
Your experience applies equally to all skills.


Message History

The orc warrior is lightly wounded.
You barely miss the orc warrior.
The orc warrior is lightly wounded.
The orc warrior hits you with a +0 short sword.
* * * LOW HITPOINT WARNING * * *
You hit the orc warrior but do no damage.
The orc warrior is lightly wounded.
The gnoll sergeant misses you.
Aiming: Mindburst
Press: ? - help, Shift-Dir - straight line, f/p - orc warrior
Aim: an orc warrior, wielding a +0 short sword and wearing a +0 chain mail (lightly wounded, chance to affect: 82%)
The orc warrior's mind is blasted!
You block the orc warrior's attack. You block the gnoll sergeant's attack.
Okay, then.
You fade into invisibility!
The orc warrior hits you with a +0 short sword.
* * * LOW HITPOINT WARNING * * *
The gnoll sergeant completely misses you.
The orc warrior throws a boomerang.
The boomerang hits the orc warrior.
The orc warrior barely misses you.
An orc comes into view. It is wielding a +0 short sword.
The orc warrior grunts loudly.
The orc warrior shouts!
The orc warrior throws a boomerang.
The boomerang closely misses the orc warrior.
The boomerang hits you but does no damage.
There is a stone staircase leading up here.
You see here a +0 vampiric dagger.
You block the orc warrior's attack.
You climb upwards.
There is a stone staircase leading down here.
You hit the orc warrior.
The orc warrior is almost dead.
The orc warrior hits you but does no damage.
You closely miss the orc warrior. Your bite misses the orc warrior.
The orc warrior is almost dead.
You hit the orc warrior but do no damage.
The orc warrior is almost dead.
The orc warrior hits you with a +0 short sword!
You die...

....#..##.#..........##.###.#
.####..##.#..##.#.##..).# #.#
.####..#.....##.#.#####)###.##
.......#..#.###.#............#
#####.##..#.###.############.# #
#...........####### #.# #
##.......##.......# #.#
######...#.#.##..(...)# #.#
.........#.#.##.@o....# ###.####
.......>.#.....((.....# #......#
.........#.#<##.......# #.#.##.#
####.#...#.#.##.......# #.#.##.#
# #.#.......##.......# #.#.##.# #
#.####..############ #.#.##.#
####.# #..#### #.#.##.#
..##.####..##.############......#
..##.......#.#...............####


You could see an orc warrior (unable to see you).

Vanquished Creatures
  An unseen horror (D:8)
  A hornet (D:7)
  Grinder (D:5)
  A steam dragon (D:8)
  A water moccasin (D:5)
  Duvessa (D:5)
  A sky beast (D:6)
  3 ice beasts
  An ogre (D:9)
  4 centaurs
  A phantom (D:4)
  A kobold brigand (D:9)
  3 bullfrogs
  2 scorpions
  3 wights (D:6)
  Dowan (D:5)
  A vampire bat (D:4)
  3 hounds
  2 orc priests
  4 gnoll boudas
  A jelly (D:6)
  2 sleepcaps
  8 orc wizards
  7 iguanas
  14 adders
  30 gnolls
  A river rat (Sewer)
  3 shadow imps
  A white imp (D:5)
  2 ufetubi
  5 worms
  A dart slug (D:1)
  3 fire bats (D:4)
  24 orcs
  2 spectral bats (D:4)
  10 ball pythons
  15 bats
  A bat simulacrum (D:4)
  3 bat skeletons (D:4)
  A bat zombie (D:4)
  9 endoplasms
  9 giant cockroaches
  8 hobgoblins
  6 jackals
  24 kobolds
  4 quokkas
  5 frilled lizards
  5 goblins
  5 rats
245 creatures vanquished.

Vanquished Creatures (others)
  An ogre (D:9)
  2 kobold brigands
3 creatures vanquished.

Grand Total: 248 creatures vanquished

Notes
Turn   | Place    | Note
-------+----------+-------------------------------------------
     0 | D:5      | Reached skill level 9 in Stealth
     0 | D:5      | TheGamechu the Gnoll Delver began the quest for the Orb.
     0 | D:5      | Reached XP level 1. HP: 23/23 MP: 1/1
    29 | D:5      | Found a sacrificial altar of Ru.
    37 | D:5      | Became a worshipper of Ru the Awakened
    55 | D:5      | Noticed an ice beast
    60 | D:5      | Killed an ice beast
    61 | D:5      | Reached skill level 1 in Long Blades
    61 | D:5      | Reached skill level 1 in Axes
    61 | D:5      | Reached skill level 1 in Maces & Flails
    61 | D:5      | Reached skill level 1 in Polearms
    61 | D:5      | Reached skill level 1 in Staves
    61 | D:5      | Reached skill level 1 in Ranged Weapons
    61 | D:5      | Reached skill level 1 in Throwing
    61 | D:5      | Reached skill level 1 in Armour
    61 | D:5      | Reached skill level 1 in Shields
    61 | D:5      | Reached skill level 1 in Unarmed Combat
    61 | D:5      | Reached skill level 1 in Spellcasting
    61 | D:5      | Reached skill level 1 in Conjurations
    61 | D:5      | Reached skill level 1 in Hexes
    61 | D:5      | Reached skill level 1 in Summonings
    61 | D:5      | Reached skill level 1 in Necromancy
    61 | D:5      | Reached skill level 1 in Translocations
    61 | D:5      | Reached skill level 1 in Transmutations
    61 | D:5      | Reached skill level 1 in Fire Magic
    61 | D:5      | Reached skill level 1 in Ice Magic
    61 | D:5      | Reached skill level 1 in Air Magic
    61 | D:5      | Reached skill level 1 in Earth Magic
    61 | D:5      | Reached skill level 1 in Poison Magic
    61 | D:5      | Reached skill level 1 in Invocations
    61 | D:5      | Reached skill level 1 in Evocations
    61 | D:5      | Reached skill level 1 in Shapeshifting
    61 | D:5      | Reached XP level 2. HP: 29/29 MP: 1/3
    61 | D:5      | Reached XP level 3. HP: 35/35 MP: 1/4
    61 | D:5      | Reached XP level 4. HP: 41/41 MP: 1/5
   180 | D:5      | Reached XP level 5. HP: 7/47 MP: 5/7
   416 | D:5      | Noticed Pikel
   416 | D:5      | Noticed a lemure
   416 | D:5      | Noticed a lemure
   416 | D:5      | Noticed a lemure
   416 | D:5      | Noticed a lemure
   507 | D:4      | Found a glowing drain.
   549 | Sewer    | Entered a sewer
  1244 | D:4      | Identified the +0 chain mail "Wismafoa" {rElec rF+ Str+3
                  | Dex+2}
  1327 | D:1      | Gained mutation: You cannot study or cast Ice magic. [Ru
                  | sacrifice]
  1327 | D:1      | Gained mutation: You cannot study or cast Hexes magic. [Ru
                  | sacrifice]
  1327 | D:1      | Gained mutation: You cannot study or cast Necromancy magic.
                  | [Ru sacrifice]
  1327 | D:1      | Reached * piety under Ru
  1736 | D:1      | Reached XP level 6. HP: 49/53 MP: 8/8
  2311 | D:2      | Found a faded altar of an unknown god.
  2353 | D:2      | Reached skill level 5 in Short Blades
  2353 | D:2      | Reached skill level 5 in Dodging
  2866 | D:3      | Found a bloodstained altar of Trog.
  3736 | D:4      | Reached XP level 7. HP: 13/59 MP: 10/10
  4048 | D:4      | Found a staircase to the Ecumenical Temple.
  4071 | D:4      | Found a stormy altar of Qazlal.
  4398 | D:4      | Reached skill level 10 in Stealth
  4931 | D:5      | Reached XP level 8. HP: 52/67 MP: 12/12
  5030 | D:5      | Noticed Grinder
  5043 | D:5      | Killed Grinder
  5512 | D:5      | Noticed Dowan
  5534 | D:5      | Killed Dowan
  5537 | D:5      | Noticed Duvessa
  5558 | D:5      | Killed Duvessa
  5795 | D:5      | Reached XP level 9. HP: 68/73 MP: 14/14
  6287 | D:6      | Found a basalt altar of Yredelemnul.
  6680 | D:6      | Found a hide-covered altar of Uskayaw.
  6680 | D:6      | Noticed a +0 falchion
  6680 | D:6      | Noticed a +0 dagger
  6680 | D:6      | Noticed a +0 short sword
  6681 | D:6      | Noticed a +0 spear
  6681 | D:6      | Noticed a +0 dagger
  6682 | D:6      | Noticed a +0 short sword
  6682 | D:6      | Noticed a +0 spear
  6682 | D:6      | Noticed a +0 falchion
  6851 | D:6      | Found a burning altar of Makhleb.
  7433 | D:7      | Found a blossoming altar of Fedhas.
  7433 | D:7      | Found a broken altar of Ashenzari.
  7474 | D:7      | Noticed a hornet
  7522 | D:7      | Gained mutation: You are hated by all. [Ru sacrifice]
  7522 | D:7      | Reached ** piety under Ru
  7624 | D:7      | Found Tuwif's Antique Armour Boutique.
  7719 | D:7      | Found Pusei's General Store.
  7720 | D:7      | Found Kamaapt's Jewellery Boutique.
  8036 | D:7      | Killed a hornet
  8037 | D:7      | Reached skill level 5 in Invocations
  8041 | D:7      | Found an ornate altar of the Wu Jian Council.
  8597 | D:7      | Found an iron altar of Okawaru.
  8816 | D:8      | Reached XP level 10. HP: 74/80 MP: 17/17
  8919 | D:8      | Reached skill level 5 in Long Blades
  8919 | D:8      | Reached skill level 5 in Axes
  8919 | D:8      | Reached skill level 5 in Maces & Flails
  8919 | D:8      | Reached skill level 5 in Polearms
  8919 | D:8      | Reached skill level 5 in Staves
  8919 | D:8      | Reached skill level 5 in Ranged Weapons
  8919 | D:8      | Reached skill level 5 in Throwing
  8919 | D:8      | Reached skill level 5 in Armour
  8919 | D:8      | Reached skill level 5 in Shields
  8919 | D:8      | Reached skill level 5 in Unarmed Combat
  8919 | D:8      | Reached skill level 5 in Spellcasting
  8919 | D:8      | Reached skill level 5 in Evocations
  9078 | D:8      | Noticed an unseen horror
  9089 | D:8      | Killed an unseen horror
  9250 | D:8      | Found a staircase to the Lair.
  9550 | D:9      | Found a staircase to the Orcish Mines.
  9607 | D:8      | Slain by an orc warrior

Illustrated notes

Levels and vault maps discovered:
D:1:      orjb1_lava_funnel, layout_loops_ring
D:2:      layout_rooms, dreamdust_ecumenical_altar_grove, minmay_tall_x
D:3:      layout_loops_corners, mainiacjoe_overflow_cross_hatched,
          minmay_misc_feat_rugged
D:4:      layout_cave_pods, nicolae_qazlal_general_emergency,
          minmay_temple_entry_mini_moons, portal_sewer_entry_f, goddamned_bats
D:5:      layout_gridville, kennysheep_little_box, uniq_pikel, uniq_duvessa,
          uniq_grinder
D:6:      layout_loops_ring, mainiacjoe_overflow_brackets,
          lemuel_coloured_pillars_altar, nicolae_uskayaw_en_pointe,
          kennysheep_generic_room_8
D:7:      layout_loops_cross, mainiacjoe_overflow_alcove_4,
          grunt_temple_overflow_open, nicolae_wooded_promenade
D:8:      layout_loops_cross, david_lair_shrubbed, uniq_joseph
D:9:      layout_basic, kennysheep_orc_monster_closet_entryway, enter_bailey_5,
          ebering_ghost_gozag, special_room [special_room_kobold],
          minmay_misc_feat_encased

Skill      XL: |  1  2  3  4  5  6  7  8  9 10 |
---------------+-------------------------------+-----
Stealth        | 10 | 10.9
Long Blades    | 1 2 3 4 5 |  5.2
Axes           | 1 2 3 4 5 |  5.2
Maces & Flails | 1 2 3 4 5 |  5.2
Polearms       | 1 2 3 4 5 |  5.2
Staves         | 1 2 3 4 5 |  5.2
Ranged Weapons | 1 2 3 4 5 |  5.2
Throwing       | 1 2 3 4 5 |  5.2
Armour         | 1 2 3 4 5 |  5.2
Shields        | 1 2 3 4 5 |  5.2
Unarmed Combat | 1 2 3 4 5 |  5.2
Spellcasting   | 1 2 3 4 5 |  5.2
Conjurations   | 1 2 3 4 |  4.3
Hexes          | 1 0 |  0.0
Summonings     | 1 2 3 0 |  0.0
Necromancy     | 1 0 |  0.0
Translocations | 1 2 3 4 |  4.3
Transmutations | 1 2 3 4 |  4.3
Fire Magic     | 1 2 3 4 |  4.3
Ice Magic      | 1 0 |  0.0
Air Magic      | 1 2 3 4 |  4.3
Earth Magic    | 1 2 3 4 |  4.3
Poison Magic   | 1 2 3 4 |  4.3
Invocations    | 1 2 3 4 5 |  5.7
Evocations     | 1 2 3 4 5 |  5.2
Shapeshifting  | 1 2 3 4 |  4.7
Short Blades   | 5 6 7 |  7.0
Dodging        | 5 6 7 |  7.0
Fighting       | 7 8 |  8.4

Action                     |  1- 3 |  4- 6 |  7- 9 | 10-12 || total
---------------------------+-------+-------+-------+-------++-------
  Melee: Short sword       |     1 |    92 |   246 |   125 ||   464
         Bite              |       |    45 |    84 |    15 ||   144
         Dagger            |       |   293 |   352 |       ||   645
         Punch             |       |     3 |    18 |     3 ||    24
  Throw: Dart              |       |     1 |    72 |     6 ||    79
         Stone             |       |       |    47 |       ||    47
 Invoke: Sacrifice Arcana  |       |     1 |       |       ||     1
         Reject Sacrifices |       |     1 |       |       ||     1
         Sacrifice Love    |       |       |     1 |       ||     1
  Evoke: Wand              |       |     1 |    14 |     1 ||    16
    Use: Scroll            |       |     2 |     6 |     1 ||     9
         Potion            |       |     1 |     1 |     2 ||     4
   Stab: Sleeping          |     1 |    18 |    11 |     1 ||    31
         Invisible         |       |       |     3 |     2 ||     5
         Distracted        |       |       |     1 |       ||     1
 Armour: Leather armour    |       |    62 |       |       ||    62
         Chain mail        |       |   135 |   338 |    76 ||   549
  Dodge: Dodged            |       |   171 |   218 |    41 ||   430
         Repelled          |       |       |     1 |       ||     1
  Block: Other             |       |       |    62 |    17 ||    79
         Reflection        |       |       |     3 |     2 ||     5

Table legend: (Time is in decaauts)
 A = Elapsed time spent in this place.
 B = Non-inter-level travel time spent in this place.
 C = Inter-level travel time spent in this place.
 D = Time resting spent in this place.
 E = Time spent auto-exploring this place.
 F = Levels seen in this place.
 G = Mean time per level.
                   A        B        C        D        E       F      G
               +--------+--------+--------+--------+--------+-----+--------+
         Total |   9261 |   8856 |    405 |   1333 |   5064 |  10 |  926.1 |
       Dungeon |   8581 |   8176 |    405 |   1231 |   4752 |   9 |  953.4 |
         Sewer |    679 |    679 |      0 |    102 |    312 |   1 |  679.0 |
               +--------+--------+--------+--------+--------+-----+--------+

Top non-repeatable levels by time:
     D:5: 1619 daAuts
     D:6: 1489 daAuts
     D:4: 1395 daAuts
     D:7: 1152 daAuts
     D:3: 976 daAuts
     D:1: 825 daAuts
   Sewer: 679 daAuts
     D:2: 544 daAuts
     D:8: 507 daAuts
     D:9: 70 daAuts
